 Dungeon Crawl Stone Soup version 0.27-a0-343-gfcad680f63 (webtiles) character file.

Game seed: 15258567623696128963

164 Armakuni the Skirmisher (level 5, -7/45 HPs)
             Began as a Demigod Wanderer on Feb 14, 2021.
             Mangled by a hornet (10 damage)
             ... on level 3 of the Dungeon.
             The game lasted 00:06:12 (3047 turns).

Armakuni the Skirmisher (Demigod Wanderer)          Turns: 3047, Time: 00:06:13

Health: -7/45      AC:  8    Str: 22    XL:     5   Next: 0%
Magic:  7/7        EV: 11    Int: 17    God:
Gold:   136        SH:  0    Dex: 11    Spells: 4/4 levels left

rFire    . . .     SeeInvis .   b - +4 long sword
rCold    . . .     Faith    .   (no shield)
rNeg     + . .     Spirit   .   i - +0 ring mail
rPois    .         Reflect  .   (no helmet)
rElec    .         Harm     .   (no cloak)
rCorr    .         Rampage  .   (no gloves)
Will     .....                  g - +2 pair of boots
Stlth    +.........             (no amulet)
HPRegen  0.15/turn              V - +6 ring of strength
MPRegen  0.10/turn              N - ring of positive energy

@: mighty, slowed, very slow
A: high mp 1
a: no special abilities


You were on level 3 of the Dungeon.
You visited 1 branch of the dungeon, and saw 3 of its levels.

You collected 136 gold pieces.

Inventory:

Hand Weapons
 a - a +2 spear
 b - a +4 long sword (weapon)
Missiles
 e - 11 boomerangs (quivered)
 h - 20 poisoned darts
Armour
 f - a +0 plate armour
 g - a +2 pair of boots (worn)
 i - a +0 ring mail (worn)
 k - a +0 scale mail
Jewellery
 N - a ring of positive energy (right hand)
 V - a +6 ring of strength (left hand)
 W - a ring of wizardry


   Skills:
 - Level 3.4 Fighting
 + Level 2.0 Long Blades
 - Level 3.2 Polearms
 - Level 1.7 Bows
 - Level 1.0 Throwing
 - Level 1.0 Armour
 - Level 1.0 Dodging
 - Level 1.0 Shields


You had 4 spell levels left.
You didn't know any spells.
Your spell library was empty.

Dungeon Overview and Level Annotations

Branches:
Dungeon (3/15)


Innate Abilities, Weirdness & Mutations

You have an increased reservoir of magic. (+10% MP)


Message History

Okay, then.
As you read the scroll of identify, it crumbles to dust.
d - a potion of might You feel very mighty all of a sudden.
b - a +4 long sword (weapon)
The hornet barely misses you.
Unknown command.
You barely miss the hornet.
The hornet stings you but does no damage.
The hornet barely misses you.
You slash the hornet!
The hornet is moderately wounded.
The hornet stings you but does no damage.
The hornet stings you!
You feel yourself slow down.
You barely miss the hornet.
The hornet is moderately wounded.
You feel yourself speed up. The hornet stings you!
You feel yourself slow down. The hornet stings you!
* * * LOW HITPOINT WARNING * * *
You feel as though you will be slow longer.
The hornet barely misses you.
You riposte.
You barely miss the hornet.
The hornet is moderately wounded.
You miss the hornet.
The hornet is moderately wounded.
The hornet barely misses you.
You riposte.
You barely miss the hornet.
The hornet is moderately wounded.
The hornet stings you but does no damage.
The hornet barely misses you.
You aren't carrying any potions.
You aren't carrying any scrolls.
You closely miss the hornet.
The hornet is moderately wounded.
The hornet stings you but does no damage. x2
The hornet stings you!
* * * LOW HITPOINT WARNING * * *
You feel as though you will be slow longer.
You barely miss the hornet.
The hornet is moderately wounded.
The hornet stings you!
You die...

#########################
.......y@................
####...##########(#######
(...... #.# ## ####..y .
#.# #. #... #. #.# #.
#... #.# #.# #. #...
#..###.# #. #... #......#
#. #......# ##.


You could see a hornet.

Vanquished Creatures
  3 gnolls
  7 adders
  A dart slug (D:2)
  2 leopard geckos (D:1)
  5 orcs (D:3)
  A ball python (D:2)
  3 giant cockroaches (D:1)
  5 goblins
  6 hobgoblins
  5 jackals (D:1)
  6 kobolds
  2 quokkas (D:2)
  10 bats
  3 frilled lizards (D:2)
  5 rats (D:1)
64 creatures vanquished.

Notes
Turn   | Place    | Note
-------+----------+-------------------------------------------
     0 | D:1      | Armakuni the Demigod Wanderer began the quest for the Orb.
     0 | D:1      | Armakuni set off with the following items: a +2 spear, 2
                  | potions of curing, a +0 robe
     0 | D:1      | Reached XP level 1. HP: 17/17 MP: 3/3
   335 | D:1      | Reached XP level 2. HP: 24/24 MP: 4/4
   715 | D:1      | Reached XP level 3. HP: 21/30 MP: 5/5
  1585 | D:1      | Reached XP level 4. HP: 26/38 MP: 6/6
  2283 | D:2      | Reached skill level 1 in Long Blades
  2848 | D:3      | Reached XP level 5. HP: 20/45 MP: 7/7
  3037 | D:3      | Noticed a hornet
  3047 | D:3      | Mangled by a hornet

Illustrated notes

Levels and vault maps discovered:
D:1:      minmay_arrival_solitary_statue, layout_loops_ring
D:2:      layout_rooms, minmay_diced_spiral
D:3:      layout_basic

Skill      XL: |  1  2  3  4 |
---------------+-------------+-----
Fighting       | 2 3 |  3.4
Polearms       | 2 3 |  3.2
Long Blades    | 2 |  2.0
Bows           | |  1.7
Throwing       | |  1.0
Armour         | |  1.0
Dodging        | |  1.0
Shields        | |  1.0

Action                   |  1- 3 |  4- 6 || total
-------------------------+-------+-------++-------
Melee: Spear             |   138 |   108 ||   246
       Long sword        |       |     6 ||     6
Throw: Boomerang         |       |     2 ||     2
  Use: Potion            |     5 |     1 ||     6
       Scroll            |     4 |     2 ||     6
 Stab: Sleeping          |     1 |       ||     1
Armor: Robe              |     4 |       ||     4
       Leather armour    |    16 |    13 ||    29
       Ring mail         |       |     5 ||     5
Dodge: Dodged            |    82 |    55 ||   137
       Rpst.: Long sword |       |     2 ||     2

Table legend: (Time is in decaauts)
 A = Elapsed time spent in this place.
 B = Non-inter-level travel time spent in this place.
 C = Inter-level travel time spent in this place.
 D = Time resting spent in this place.
 E = Time spent auto-exploring this place.
 F = Levels seen in this place.
 G = Mean time per level.
                   A        B        C        D        E       F      G
               +--------+--------+--------+--------+--------+-----+--------+
         Total |   3025 |   2892 |    133 |   1282 |    987 |   3 | 1008.3 |
       Dungeon |   3025 |   2892 |    133 |   1282 |    987 |   3 | 1008.3 |
               +--------+--------+--------+--------+--------+-----+--------+

Top non-repeatable levels by time:
     D:1: 2005 daAuts
     D:2: 616 daAuts
     D:3: 403 daAuts
